 Dungeon Crawl Stone Soup version 0.23.1-37-gaa34b87b72 (webtiles) character file.

Game seed: 2602175475651942113

47 Gargoyl the Skirmisher (level 3, -1/24 HPs)
             Began as a Centaur Abyssal Knight on Mar 22, 2019.
             Was a Follower of Lugonu.
             Slain by Crazy Yiuf
             ... wielding a +2 quarterstaff of chaos
              (3 damage)
             ... on level 2 of the Dungeon.
             The game lasted 00:03:00 (1792 turns).

Gargoyl the Skirmisher (Centaur Abyssal Knight)     Turns: 1792, Time: 00:03:01

Health: -1/24      AC:  7    Str: 14    XL:     3   Next: 48%
Magic:  4/4        EV:  4    Int: 11    God:    Lugonu [*.....]
Gold:   115        SH: 15    Dex: 13    Spells: 2/2 levels left

rFire    . . .     SeeInvis .   a - +2 hand axe
rCold    . . .     Gourm    .   e - +4 large shield "Azuipn" {Dex+4}
rNeg     . . .     Faith    .   b - +0 leather armour
rPois    .         Spirit   .   (no helmet)
rElec    .         Reflect  .   (no cloak)
rCorr    .         Harm     .   (no gloves)
MR       .....                  (no barding)
Stlth    +.........             (no amulet)
HPRegen  0.08/turn              o - +3 ring of protection
MPRegen  0.09/turn              (no ring)

@: very quick
A: large, hooves 3, deformed body, speed 2, [frail 2], tough skin 3
a: Depart the Abyss, Renounce Religion


You were on level 2 of the Dungeon.
You worshipped Lugonu.
Lugonu was aware of your devotion.
You were hungry.

You visited 1 branch of the dungeon, and saw 2 of its levels.
You visited the Abyss 1 time.

You collected 115 gold pieces.

Inventory:

Hand Weapons
 a - a +2 hand axe (weapon)
Missiles
 d - 8 tomahawks (quivered)
Armour
 b - a +0 leather armour (worn)
 e - the +4 large shield "Azuipn" (worn) {Dex+4}
   (You acquired it on level 3 of the Abyss)

   It affects your dexterity (+4).
Jewellery
 o - a +3 ring of protection (left hand)
Scrolls
 h - a scroll of identify {unknown}
 n - a scroll of remove curse {unknown}
Potions
 g - a potion of resistance {unknown}
 j - 2 potions of lignification {unknown}
 k - a potion of magic {unknown}
 l - a potion of curing {unknown}
 m - a potion of flight {unknown}
Comestibles
 c - 5 rations


   Skills:
 + Level 3.2 Fighting
 + Level 2.0 Axes
 * Level 1.9 Armour
 + Level 0.7 Dodging
 * Level 1.2 Shields
 * Level 2.3 Invocations


You had 2 spell levels left.
You didn't know any spells.
Your spell library was empty.

Dungeon Overview and Level Annotations

Branches:
Dungeon (2/15)

Altars:
Okawaru

Annotations:
D:2 Crazy Yiuf


Innate Abilities, Weirdness & Mutations

You have hooves in place of feet.
Armour fits poorly on your strangely shaped body.
You cover ground very quickly.
You have extremely tough skin. (AC +3)
[You are very frail. (-20% HP)]


Message History

The goblin shouts!
The goblin is too close now for your liking.
(D) Dungeon
Where to? (? - help)
What level of the Dungeon? (default 1, ? - help)
Okay, then.
There are monsters nearby!
You are feeling hungry.
There is an open door here.
You open the door. You hit Crazy Yiuf. You kick Crazy Yiuf.
Crazy Yiuf is moderately wounded.
Crazy Yiuf hits you with a +2 quarterstaff of chaos.
You are electrocuted!!
Ouch! That really hurt!
* * * LOW HITPOINT WARNING * * *
You completely miss Crazy Yiuf. You kick Crazy Yiuf!
Crazy Yiuf is severely wounded.
Crazy Yiuf hits you with a +2 quarterstaff of chaos.
You die...

.#........#
#...........#..
.#....<...#
#...........#..
.#........#
#...........##.
.#......###
##############.
#####.### ######.
#.#########
#......
#..#.#..#.### ###
#......
##.......#..##...#
#......
#......####@g...#
#...... ##..#.##
###..)# #......
###### ### #......
#...... #......
#####.. ##. #.
####.


You could see Crazy Yiuf.

Vanquished Creatures
  A worm (D:2)
  2 dart slugs
  A leopard gecko (D:1)
  2 giant cockroaches (D:2)
  5 hobgoblins
  9 bats
  7 goblins
  4 kobolds
  4 rats
35 creatures vanquished.

Notes
Turn   | Place    | Note
-------+----------+-------------------------------------------
     0 | Abyss:1  | Gargoyl the Centaur Abyssal Knight began the quest for the
                  | Orb.
     0 | Abyss:1  | Reached XP level 1. HP: 19/19 MP: 2/2
    18 | Abyss:1  | Found a corrupted altar of Lugonu.
    40 | Abyss:1  | Found a corrupted altar of Lugonu.
   118 | Abyss:2  | Noticed a wraith
   145 | Abyss:2  | Noticed an iron imp
   158 | Abyss:3  | Identified a scroll of acquirement
   159 | Abyss:3  | Got a scorched large shield
   170 | Abyss:3  | Identified the +4 large shield "Azuipn" {Dex+4} (You
                  | acquired it on level 3 of the Abyss)
   187 | Abyss:3  | Noticed a polar bear
   188 | Abyss:3  | Noticed a wretched star
   190 | D:1      | Escaped the Abyss
   445 | D:1      | Reached XP level 2. HP: 14/20 MP: 3/3
   814 | D:1      | Reached * piety under Lugonu
  1236 | D:2      | Reached XP level 3. HP: 24/24 MP: 4/4
  1272 | D:2      | Reached skill level 1 in Shields
  1397 | D:2      | Found an iron altar of Okawaru.
  1709 | D:2      | Found a runed translucent door.
  1710 | D:2      | Noticed Crazy Yiuf
  1792 | D:2      | Slain by Crazy Yiuf

Skill      XL: |  1  2  3 |
---------------+----------+-----
Shields        | 1 |  1.2
Axes           | 2 |  2.0
Fighting       | |  3.2
Armour         | |  1.9
Dodging        | |  0.7
Invocations    | |  2.3

Action                   || total
-------------------------++-------
Melee: Hand axe          ||    72
       Kick              ||     9
Invok: Depart the Abyss  ||     1
  Use: Scroll            ||     2
  Eat: Chunk             ||     1
Armor: Leather armour    ||    26
Dodge: Dodged            ||    11
Block: Large shield      ||    71
